 Dungeon Crawl Stone Soup version 0.17.0-28-g6e173f8 (webtiles) character file.

450 septik the Conjurer (level 6, -8/45 HPs)
             Began as a Draconian Conjurer on Nov 23, 2015.
             Mangled by an ogre
             ... wielding a +0 giant spiked club
              (11 damage)
             ... on level 5 of the Dungeon.
             The game lasted 00:17:00 (4978 turns).

septik the Conjurer (Draconian Conjurer)            Turns: 4978, Time: 00:17:00

Health: -8/45      AC:  6    Str: 10      XL:     6   Next: 74%
Magic:  3/13       EV: 17    Int: 17      God:
Gold:   201        SH:  0    Dex: 14 (17) Spells: 3 memorised, 6 levels left

rFire  . . .     SeeInvis .     c - +0 dagger
rCold  . . .     Clarity  .     (armour unavailable)
rNeg   . . .     SustAt   .     (no shield)
rPois  .         Gourm    .     (helmet restricted)
rElec  .         Spirit   .     (no cloak)
rCorr  .         Warding  .     (no gloves)
rMut   .         Stasis   .     (no boots)
MR     .....                    (no amulet)
Stlth  +++.......               (no ring)
                                (no ring)

@: agile, very slightly contaminated, not resistant to hostile enchantments,
fairly stealthy
A: unfitting armour, cold-blooded, AC +6
a: no special abilities


You were on level 5 of the Dungeon.
You were very hungry.

You visited 1 branch of the dungeon, and saw 5 of its levels.

You collected 201 gold pieces.

Inventory:

Hand Weapons
 c - a +0 dagger (weapon)
Missiles
 f - 43 sling bullets
 i - 113 stones (quivered)
Jewellery
 m - an uncursed ring of protection from fire {unknown}
Scrolls
 d - 2 scrolls of recharging {unknown}
 e - 3 scrolls of immolation {unknown}
 g - 2 scrolls of random uselessness {unknown}
 j - 2 scrolls of fear {unknown}
 k - a scroll of identify
 l - a scroll of magic mapping {unknown}
 n - 3 scrolls of remove curse {unknown}
 q - a scroll of enchant weapon {unknown}
 u - 3 scrolls of fog {unknown}
Potions
 h - a potion of heal wounds
 o - a potion of agility
 s - a potion of brilliance
 t - a potion of curing
 w - a potion of ambrosia
Books
 a - a book of Conjurations

   Spells                             Type                      Level
   a - Magic Dart                     Conjuration                  1
   b - Searing Ray                    Conjuration                  2
   c - Dazzling Spray                 Conjuration/Hexes            3
   d - Fulminant Prism                Conjuration/Hexes            4
   e - Iskenderun's Mystic Blast      Conjuration                  4
   f - Iskenderun's Battlesphere      Conjuration/Charms           5
 y - a book of Fire

   Spells                             Type                      Level
   a - Ignite Poison                  Fire/Transmutation/Poison    3
   b - Fireball                       Conjuration/Fire             5
   c - Bolt of Fire                   Conjuration/Fire             6
   d - Delayed Fireball               Conjuration/Fire             7
   e - Ring of Flames                 Charms/Fire                  7
Comestibles
 b - 2 bread rations
 p - a slice of pizza
 r - 4 meat rations


   Skills:
 - Level 1.7 Dodging
 - Level 1.7 Stealth
 + Level 4.9 Spellcasting
 + Level 5.6 Conjurations
 * Level 2.4 Charms


You had 6 spell levels left.
You knew the following spells:

 Your Spells              Type           Power        Failure   Level  Hunger
a - Magic Dart            Conj           ###.         1%          1    None
b - Searing Ray           Conj           ###...       2%          2    #......
c - Iskenderun's Battles  Conj/Chrm      ###.....     82%         5    ######.


Dungeon Overview and Level Annotations

Branches:
Dungeon (5/15)
 Temple: D:4-7

Altars:
Cheibriados
Elyvilon
Kikubaaqudgha
Okawaru
Ru
Sif Muna
Vehumet
Yredelemnul
Zin

Portals:
Sewer: D:5

Annotations:
D:4 exclusion: ogre, skk's ghost, amateur FeMo
D:5 Pikel


Innate Abilities, Weirdness & Mutations

Your plain brown scales are hard (AC +6).
Your body does not fit into most forms of armour.
You are cold-blooded and may be slowed by cold attacks.


Message History

You feel yourself slow down. The jackal closely misses you.
Casting: Magic Dart
Confirm with . or Enter, or press ? or * to list all spells.
Aiming: Searing Ray
Press: ? - help, Shift-Dir - straight line, f - ogre
Aim: an ogre, wielding a giant spiked club The searing ray hits the ogre.
The ogre is lightly wounded.
The jackal bites you but does no damage.
The ogre hits you with a giant spiked club!!
* * * LOW HITPOINT WARNING * * *
The searing ray hits the ogre.
The ogre is moderately wounded.
The jackal barely misses you. The jackal bites you.
* * * LOW HITPOINT WARNING * * *
The searing ray hits the ogre.
The ogre is heavily wounded.
The ogre hits you with a giant spiked club!
You die...

#### ##... ##..#####
##########..##.h@# .##
)..####
.............##O##.....
h......
###########....O.g..O(#
# #.8.....8...# #
##..8.85....# #
#.......(..# #
#..########## # #.## #
.. #


You could see 2 ogres and a jackal.

Vanquished Creatures
  A slave (D:5)
  An ogre (D:3)
  A scorpion (D:4)
  A quasit (D:5)
  A jelly (D:5)
  A centaur skeleton (D:4)
  An orc wizard (D:3)
  2 worker ants (D:4)
  2 gnolls (D:5)
  4 adders
  3 oozes
  2 worms
  A giant gecko (D:3)
  4 orcs (D:3)
  7 giant cockroaches
  9 goblins
  7 hobgoblins
  8 jackals
  4 kobolds
  10 bats
  4 giant newts
  A jackal zombie (D:5)
  2 quokka skeletons (D:4)
  3 rats
  4 rat zombies (D:3)
84 creatures vanquished.

Vanquished Creatures (others)
  A goblin (D:1)
1 creature vanquished.

Grand Total: 85 creatures vanquished

Notes
Turn   | Place    | Note
--------------------------------------------------------------
     0 | D:1      | septik the Draconian Conjurer began the quest for the Orb.
     0 | D:1      | Reached XP level 1. HP: 14/14 MP: 3/3
   251 | D:1      | Reached XP level 2. HP: 20/20 MP: 0/5
   472 | D:1      | Learned a level 2 spell: Searing Ray
  1196 | D:2      | Found a white marble altar of Elyvilon.
  1199 | D:2      | Found a deep blue altar of Sif Muna.
  1209 | D:2      | Found a basalt altar of Yredelemnul.
  1221 | D:2      | Found an iron altar of Okawaru.
  1964 | D:2      | Reached XP level 3. HP: 26/26 MP: 0/7
  2050 | D:3      | Found a sacrificial altar of Ru.
  2249 | D:3      | Reached XP level 4. HP: 33/33 MP: 6/9
  2480 | D:3      | Noticed an ogre
  2572 | D:3      | Killed an ogre
  2572 | D:3      | Reached skill level 5 in Conjurations
  2572 | D:3      | Reached XP level 5. HP: 6/38 MP: 4/11
  3243 | D:3      | Found an ancient bone altar of Kikubaaqudgha.
  3467 | D:3      | Learned a level 5 spell: Iskenderun's Battlesphere
  3588 | D:4      | Found a snail-covered altar of Cheibriados.
  3628 | D:4      | Noticed an ogre
  3742 | D:4      | Reached skill level 1 in Charms
  3778 | D:4      | Reached XP level 6. HP: 42/45 MP: 4/13
  4642 | D:4      | Noticed skk's ghost (amateur FeMo)
  4666 | D:5      | Entered Level 5 of the Dungeon
  4709 | D:5      | Noticed Pikel
  4739 | D:5      | Found a radiant altar of Vehumet.
  4739 | D:5      | Found a glowing drain.
  4903 | D:5      | Found a glowing silver altar of Zin.
  4978 | D:5      | Mangled by an ogre

Action                   |  1- 3 |  4- 6 || total
-------------------------+-------+-------++-------
Melee: Dagger            |    36 |   115 ||   151
 Cast: Magic Dart        |    64 |   133 ||   197
       Searing Ray       |     6 |    13 ||    19
  Use: Scroll            |       |     6 ||     6
       Potion            |       |     3 ||     3
  Eat: Chunk             |     5 |     8 ||    13
